 Dungeon Crawl Stone Soup version 0.21.1-1-g345015fe64 (webtiles) character file.

3392 Kohma the Grappler (level 9, -11/84 HPs)
             Began as a Troll Berserker on June 8, 2018.
             Was a Priest of Trog.
             Mangled by an orc warrior
             ... wielding a +0 battleaxe
              (23 damage)
             ... on level 6 of the Dungeon.
             The game lasted 00:34:25 (6370 turns).

Kohma the Grappler (Troll Berserker)                Turns: 6370, Time: 00:34:25

Health: -11/84     AC:  6    Str: 34    XL:     9   Next: 75%
Magic:  0/8        EV: 11    Int:  3    God:    Trog [***...]
Gold:   395        SH:  0    Dex:  9    Spells: 8/8 levels left

rFire    . . .     SeeInvis .     - Unarmed
rCold    + . .     Gourm    +   (no shield)
rNeg     . . .     Faith    .   I - +1 robe {rC+}
rPois    .         Spirit   +   (helmet restricted)
rElec    .         Reflect  .   B - scarf {Spirit}
rCorr    .         Harm     .   (gloves unavailable)
MR       .....                  (boots unavailable)
Stlth    ++........             (no amulet)
HPRegen  0.64/turn              d - ring of flight
MPRegen  0.11/turn              w - +4 ring of strength

@: no status effects
A: large, unfitting armour, claws 3, fast metabolism 3, gourmand, regeneration
1, shaggy fur 1, tough skin 2
a: Berserk, Trog's Hand, Burn Spellbooks, Renounce Religion, Evoke Flight


You were on level 6 of the Dungeon.
You worshipped Trog.
Trog was most pleased with you.
You were full.

You visited 2 branches of the dungeon, and saw 9 of its levels.

You collected 395 gold pieces.

Inventory:

Hand Weapons
 F - a +5 scimitar
Missiles
 c - 135 stones (quivered)
 p - a throwing net
 v - 8 javelins
 z - 4 tomahawks
Armour
 a - a +0 animal skin
 B - a scarf of spirit shield (worn)
 I - a +1 robe of cold resistance (worn)
Jewellery
 d - a ring of flight (left claw)
 m - an uncursed ring of fire
 w - a +4 ring of strength (right claw)
Wands
 f - a wand of polymorph (8)
Scrolls
 g - a scroll of vulnerability {unknown}
 k - a scroll of remove curse
 t - 2 scrolls of teleportation
 y - a scroll of magic mapping
Potions
 e - a potion of invisibility
 i - 2 potions of haste
 j - a potion of might
 o - 3 potions of mutation
 q - 2 potions of resistance
 s - 2 potions of flight {unknown}
 u - 2 potions of cancellation
 x - 2 potions of magic {unknown}
 C - 2 potions of curing {unknown}
Comestibles
 b - 11 rations
 h - 6 chunks of flesh


   Skills:
 + Level 3.9 Fighting
 - Level 0.2 Long Blades
 * Level 3.8 Throwing
 + Level 4.8 Dodging
 + Level 1.6 Stealth
 * Level 11.4 Unarmed Combat


You had 8 spell levels left.
You didn't know any spells.

Dungeon Overview and Level Annotations

Branches:
Dungeon (8/15)             Temple (1/1) D:5
   Lair: D:8-11

Altars:
Ashenzari
Cheibriados
Dithmenos
Elyvilon
Fedhas
Gozag
Hepliaklqana
Kikubaaqudgha
Makhleb
Nemelex Xobeh
Okawaru
Qazlal
Ru
Sif Muna
Trog
Uskayaw
Vehumet
Wu Jian
Xom
Yredelemnul
Zin
The Shining One


Innate Abilities, Weirdness & Mutations

You are too large for most types of armour.
You have claws for hands.
Your metabolism is lightning-fast.
You like to eat raw meat.
Your natural rate of healing is unusually fast.
You are covered in fur. (AC +1)
You have very tough skin. (AC +2)


Message History

The orc warrior hits your black bear with a battleaxe!!
Your black bear dies!
Your black bear's corpse disappears in a puff of smoke!
You scratch the orc warrior.
The orc warrior is lightly wounded.
The orc warrior hits you with a battleaxe!
* * * LOW HITPOINT WARNING * * *
You closely miss the orc warrior.
The orc warrior is lightly wounded.
You claw the orc warrior!
The orc warrior is heavily wounded.
The orc warrior barely misses you.
You scratch the orc warrior.
The orc warrior is severely wounded.
The orc closely misses you.
You barely miss the orc warrior.
The orc warrior is severely wounded.
The orc closely misses you.
The orc warrior hits you with a battleaxe!!
You die...

#########
#####.......#
#......####.#
#.###..####.#
##.##.....##)######
#..................
#..###.......#..###
#o@.....####.#..###
#o#####.##.........
#.# #.##.#.##.##.
#.# #.##.#.##.##.
#.# ##.......#....
#(# #......#.####.
####.####......#.#
#.
#.......#......#.#
#.
#......>#......#.#
#.


You could see an orc warrior and an orc.

Vanquished Creatures
  A two-headed ogre (D:8)
  The ghost of Ursun the Magician, a novice SpVM (D:5)
  Prince Ribbit (D:5)
  A hippogriff (D:8)
  Menkaure (D:5)
  An ice beast (D:6)
  2 orc warriors
  2 ogres
  A centaur (D:6)
  2 bullfrogs (D:7)
  A vampire bat (D:4)
  3 wights
  3 crimson imps
  A hound (D:4)
  2 orc priests
  2 centaur skeletons
  A bullfrog skeleton (D:6)
  3 iguanas
  3 orc wizards
  5 worker ants
  Terence (D:2)
  A howler monkey zombie (D:6)
  4 adders
  A shadow imp (D:5)
  5 worms
  4 dart slugs
  A leopard gecko (D:1)
  14 orcs
  5 giant cockroaches
  6 goblins
  7 hobgoblins
  10 jackals
  A quokka (D:6)
  A ball python (D:3)
  9 bats
  5 frilled lizards
  A giant cockroach zombie (D:5)
  8 kobolds
  2 leopard gecko skeletons
  A leopard gecko zombie (D:5)
  A quokka zombie (D:7)
  6 rats
  A bush (D:5)
132 creatures vanquished.

Vanquished Creatures (collateral kills)
  The ghost of Lentor the Carver, a novice DrBe of Trog (D:7)
  A worker ant (D:7)
  An adder zombie (D:7)
3 creatures vanquished.

Grand Total: 135 creatures vanquished

Notes
Turn   | Place    | Note
-------+----------+-------------------------------------------
     0 | D:1      | Kohma the Troll Berserker began the quest for the Orb.
     0 | D:1      | Reached XP level 1. HP: 22/22 MP: 0/0
   192 | D:1      | Reached XP level 2. HP: 25/29 MP: 1/1
   471 | D:1      | Reached ** piety under Trog
   909 | D:1      | Reached XP level 3. HP: 36/36 MP: 2/2
  1211 | D:2      | Noticed Terence
  1222 | D:2      | Killed Terence
  1222 | D:2      | Reached skill level 4 in Unarmed Combat
  1222 | D:2      | Reached XP level 4. HP: 28/44 MP: 3/3
  1306 | D:2      | Found a faded altar of an unknown god.
  2024 | D:3      | Found a sparkling altar of Nemelex Xobeh.
  2211 | D:3      | Reached XP level 5. HP: 52/52 MP: 4/4
  2302 | D:3      | Reached skill level 1 in Throwing
  2304 | D:3      | Reached *** piety under Trog
  2520 | D:3      | Reached skill level 5 in Unarmed Combat
  2808 | D:4      | Reached XP level 6. HP: 47/59 MP: 5/5
  2842 | D:4      | Found a shimmering altar of Xom.
  3184 | D:4      | Noticed an orc warrior
  3197 | D:4      | Killed an orc warrior
  3197 | D:4      | Reached skill level 6 in Unarmed Combat
  3251 | D:4      | Found a glowing silver altar of Zin.
  3251 | D:4      | Found a blossoming altar of Fedhas.
  3510 | D:5      | Entered Level 5 of the Dungeon
  3538 | D:5      | Found an ornate altar of the Wu Jian Council.
  3539 | D:5      | Found a hazy altar of Hepliaklqana.
  3562 | D:5      | Found an ancient bone altar of Kikubaaqudgha.
  3636 | D:5      | Noticed Ursun's ghost (novice SpVM)
  3652 | D:5      | Killed Ursun's ghost
  3652 | D:5      | Reached skill level 7 in Unarmed Combat
  3652 | D:5      | Reached XP level 7. HP: 67/67 MP: 6/6
  3829 | D:5      | Found a staircase to the Ecumenical Temple.
  3843 | Temple   | Entered the Ecumenical Temple
  4116 | D:5      | Noticed Prince Ribbit
  4122 | D:5      | Killed Prince Ribbit
  4122 | D:5      | Reached skill level 8 in Unarmed Combat
  4122 | D:5      | Reached XP level 8. HP: 47/75 MP: 4/7
  4300 | D:5      | Noticed Menkaure
  4302 | D:5      | Killed Menkaure
  4887 | D:6      | Reached skill level 9 in Unarmed Combat
  4927 | D:6      | Reached skill level 1 in Stealth
  4972 | D:6      | Reached **** piety under Trog
  5469 | D:6      | Found a blossoming altar of Fedhas.
  5522 | D:7      | Noticed Lentor's ghost (novice DrBe)
  5558 | D:7      | HP: 5/112 [Lentor's ghost (17)]
  5564 | D:7      | HP: 3/75 [Lentor's ghost (4)]
  5568 | D:7      | Killed Lentor's ghost
  5568 | D:7      | Reached skill level 10 in Unarmed Combat
  5568 | D:7      | Reached XP level 9. HP: 12/83 MP: 0/8
  5813 | D:7      | HP: 3/83 [electric eel/bolt of electricity (8)]
  6135 | D:8      | Noticed a two-headed ogre
  6145 | D:8      | Killed a two-headed ogre
  6145 | D:8      | Reached skill level 11 in Unarmed Combat
  6238 | D:7      | Found a shimmering altar of Xom.
  6370 | D:6      | Mangled by an orc warrior

Skill      XL: |  1  2  3  4  5  6  7  8  9 |
---------------+----------------------------+-----
Dodging        | 3 4 |  4.8
Unarmed Combat | 4 5 7 8 10 11 | 11.4
Throwing       | 1 2 3 |  3.8
Fighting       | 3 |  3.9
Stealth        | 1 |  1.6
Long Blades    | |  0.2

Action                   |  1- 3 |  4- 6 |  7- 9 || total
-------------------------+-------+-------+-------++-------
Melee: Unarmed           |    70 |   179 |   130 ||   379
       Punch             |       |     2 |     7 ||     9
       Scimitar          |       |       |    14 ||    14
Throw: Stone             |     8 |     2 |    20 ||    30
       Javelin           |    10 |    17 |     6 ||    33
Invok: Berserk           |       |     1 |     1 ||     2
       Brothers in Arms  |       |       |     2 ||     2
       Burn Spellbooks   |       |       |     1 ||     1
  Use: Scroll            |       |    11 |     9 ||    20
       Potion            |       |       |     2 ||     2
  Eat: Chunk             |    17 |    20 |    26 ||    63
Armor: Animal skin       |    23 |    65 |     2 ||    90
       Robe              |       |       |    23 ||    23
       Skin              |       |       |     1 ||     1
Dodge: Dodged            |    33 |    82 |    73 ||   188
       Rpst.: Scimitar   |       |       |     4 ||     4
